 Dungeon Crawl Stone Soup version 0.30-a0-393-g54b8e3be05 (webtiles) character file.

Game seed: 13748097616358241563

9 Shayle the Conjurer (level 2, 8/22 HPs)
             Began as a Demonspawn Reaver on Dec 5, 2022.
             Quit the game on level 1 of the Dungeon.
             The game lasted 00:00:34 (80 turns).

Shayle the Conjurer (Demonspawn Reaver)               Turns: 80, Time: 00:00:35

Health: 8/22       AC:  3    Str: 12    XL:     2   Next: 6%
Magic:  1/5        EV: 11    Int: 14    God:
Gold:   0          SH:  0    Dex: 11    Spells: 4/5 levels left

rFire   . . .      SeeInvis .    a - +0 hand axe
rCold   . . .      Faith    .    (no shield)
rNeg    . . .      Spirit   .    b - +0 leather armour
rPois   .          Reflect  .    (helmet restricted)
rElec   .          Harm     .    (no cloak)
rCorr   .          Rampage  .    (no gloves)
Will    .....                    (no boots)
Stlth   +.........               (no amulet)
HPRegen 0.23/turn                (no ring)
MPRegen 0.09/turn                (no ring)

@: no status effects
A: horns 1
a: no special abilities


You were on level 1 of the Dungeon.
You visited 1 branch of the dungeon, and saw 1 of its levels.

Inventory:

Hand Weapons
 a - a +0 hand axe (weapon)
Armour
 b - a +0 leather armour (worn)


   Skills:
 + Level 2.2 Fighting
 + Level 2.8 Axes
 + Level 0.5 Armour
 - Level 1.7 Dodging
 + Level 0.6 Stealth
 - Level 2.0 Spellcasting
 - Level 3.0 Conjurations


You had 4 spell levels left.
You knew the following spells:

 Your Spells              Type           Power      Damage    Failure   Level
a - Kiss of Death         Conj/Necr      20%        2d7       16%         1

Your spell library contained the following spells:

 Spells                   Type           Power      Damage    Failure   Level
 Momentum Strike          Conj/Tloc      10%        3d8       24%         2
 Hailstorm                Conj/Ice       5%         3d4       43%         3


Dungeon Overview and Level Annotations

Branches:
Dungeon (1/15)

Altars:


Innate Abilities, Weirdness & Mutations

You have a pair of small horns on your head.


Message History

It is said that the Orb of Zot exists deep within this dungeon.
Press ? for a list of commands and other information.
Found a staircase leading out of the dungeon.
As you open the door, it creaks loudly!
There is an open door here.
Found a robe.
Found a leather armour.
You see here a +0 robe.
A gnoll comes into view. It is wielding a +0 flail.
Found 8 stones.
The gnoll shouts!
You see here a +0 robe.
There is an open door here.
You hit the gnoll.
The gnoll is moderately wounded.
The gnoll hits you with a +0 flail!
Ouch! That really hurt!
Casting: Kiss of Death (safe; 16% risk of failure)
Confirm with . or Enter, or press ? or * to list all spells.
Aiming: Kiss of Death (safe; 16% risk of failure)
Press: ? - help, Shift-Dir - straight line, f - gnoll
Aim: a gnoll, wielding a +0 flail (moderately wounded, 100% to hit)
You miscast Kiss of Death.
You are very lightly contaminated with residual magic.
Nothing appears to happen.
The gnoll hits you with a +0 flail.
Casting: Kiss of Death (safe; 16% risk of failure)
Confirm with . or Enter, or press ? or * to list all spells.
Aiming: Kiss of Death (safe; 16% risk of failure)
Press: ? - help, Shift-Dir - straight line, f/p - gnoll
Aim: a gnoll, wielding a +0 flail (moderately wounded, 100% to hit)
The negative energy hits the gnoll.
The gnoll is drained!
You kill the gnoll!
You feel drained.
Your life force feels restored.
You have reached level 2!
Your demonic ancestry asserts itself...
A pair of horns grows on your head!
You start resting.
Your magical contamination has completely faded away.
Are you sure you want to abandon this character and quit the game? (Confirm with "yes".)

##### ######.<.###### ###
###.............## #.#
######................. #.#
#....)@................
#.####.####.................
#......# ###.............##
######.# ###.........### #.#
###.....### #.#
###.........### #.#
###.............##
########[#
#.......~~~.......
..[......#
#.....~~≈≈≈~~.....


There were no monsters in sight!

Vanquished Creatures
  A gnoll (D:1)
1 creature vanquished.

Notes
Turn   | Place    | Note
-------+----------+-------------------------------------------
     0 | D:1      | Shayle the Demonspawn Reaver began the quest for the Orb.
     0 | D:1      | Reached XP level 1. HP: 16/16 MP: 3/3
    75 | D:1      | Gained mutation: You have a pair of small horns on your
                  | head. [demonic ancestry]
    75 | D:1      | Reached XP level 2. HP: 7/22 MP: 1/5
    80 | D:1      | Quit the game

Illustrated notes

Levels and vault maps discovered:
D:1:      nzn_arrival_depleted_hourglass, layout_basic, st_stairs_13,
          kennysheep_boxes

Action                   || total
-------------------------++-------
Melee: Hand axe          ||     1
 Cast: Kiss of Death     ||     1

Table legend: (Time is in decaauts)
 A = Elapsed time spent in this place.
 B = Non-inter-level travel time spent in this place.
 C = Inter-level travel time spent in this place.
 D = Time resting spent in this place.
 E = Time spent auto-exploring this place.
 F = Levels seen in this place.
 G = Mean time per level.
                   A        B        C        D        E       F      G
               +--------+--------+--------+--------+--------+-----+--------+
         Total |     80 |     80 |      0 |      5 |     50 |   1 |   80.0 |
       Dungeon |     80 |     80 |      0 |      5 |     50 |   1 |   80.0 |
               +--------+--------+--------+--------+--------+-----+--------+

Top non-repeatable levels by time:
     D:1: 80 daAuts
